 Dungeon Crawl Stone Soup version 0.29-a0-322-g68df515428 (webtiles) character file.

Game seed: 17442175414549863445

28947 spaghetti the Blocker (level 13, -7/160 HPs)
             Began as a Demonspawn Berserker on Apr 9, 2022.
             Was a Priest of Trog.
             Mangled by an emperor scorpion (18 damage)
             ... on level 15 of the Dungeon.
             The game lasted 00:25:44 (17920 turns).

spaghetti the Blocker (Demonspawn Berserker)       Turns: 17920, Time: 00:25:44

Health: -7/160     AC: 12    Str: 17    XL:     13   Next: 12%
Magic:  13/13      EV: 20    Int: 13    God:    Trog [***...]
Gold:   530        SH: 15    Dex: 26    Spells: 12/12 levels left

rFire   . . .      SeeInvis .   m - +2 rapier (venom) {short}
rCold   . . .      Faith    .   n - +0 kite shield
rNeg    . . .      Spirit   .   h - +1 ring mail of Xom's Whim {+Blink rElec Dex+4}
rPois   .          Reflect  .   E - +0 helmet "Amnu" {Int+4 Dex+4}
rElec   +          Harm     .   V - +0 cloak
rCorr   +          Rampage  .   (no gloves)
Will    .....                   M - +0 pair of boots
Stlth   ..........              F - amulet of the acrobat
HPRegen 0.36/turn               H - ring of resist corrosion
MPRegen 0.13/turn               N - +4 ring of evasion

@: berserking (expiring), lethally poisoned (-7 -> -15), very quick
A: thin metallic scales 2, ignite blood 2, spiny 2, demonic touch 2
a: Renounce Religion, Evoke Blink, Berserk, Trog's Hand


You were on level 15 of the Dungeon.
You worshipped Trog.
Trog was most pleased with you.
You visited 1 branch of the dungeon, and saw 15 of its levels.

You collected 998 gold pieces.
You spent 468 gold pieces at shops.


Innate Abilities, Weirdness & Mutations

You are mostly covered in thin metallic scales. (AC +3)
Your demonic aura often causes spilled blood to erupt in flames.
You are mostly covered in sharp spines.
Your touch may inflict irresistible damage on your foes.


   Skills:
 + Level 11.6 Fighting
 - Level 2.6 Long Blades
 - Level 8.0 Throwing
 - Level 1.7 Armour
 - Level 8.0 Dodging
 + Level 14.1 Shields


You had 12 spell levels left.
You didn't know any spells.
Your spell library contained the following spells:

 Spells                   Type           Power      Damage    Failure   Level
 Animate Skeleton         Necr           0%         N/A       71%         1
 Foxfire                  Conj/Fire      0%         2x1d4     71%         1
 Pain                     Necr           0%         1d4       71%         1
 Sandblast                Erth           0%         2d4       71%         1
 Sting                    Tmut/Pois      0%         1d3       71%         1
 Passwall                 Tmut/Erth      0%         N/A       83%         2
 Poisonous Vapours        Pois/Air       0%         N/A       83%         2
 Static Discharge         Conj/Air       0%         N/A       83%         2
 Conjure Flame            Conj/Fire      0%         6-21      97%         3
 Ignite Poison            Fire/Tmut/Pois 0%         N/A       97%         3
 Inner Flame              Hex/Fire       0%         N/A       97%         3
 Stone Arrow              Conj/Erth      0%         3d7       97%         3
 Tukima's Dance           Hex            0%         N/A       97%         3
 Vampiric Draining        Necr           0%         2d6       97%         3
 Anguish                  Hex/Necr       0%         N/A       100%        4
 Dispel Undead            Necr           0%         3d6       100%        4
 Flame Wave               Conj/Fire      0%         2d4       100%        4
 Olgreb's Toxic Radiance  Pois           0%         N/A       100%        4
 Petrify                  Tmut/Erth      0%         N/A       100%        4
 Sticky Flame             Conj/Fire      0%         2d3       100%        4
 Metabolic Englaciation   Hex/Ice        0%         N/A       100%        5
 Statue Form              Tmut/Erth      0%         N/A       100%        6
 Enfeeble                 Hex            0%         N/A       100%        7

Inventory:

Hand Weapons
 a - a +0 falchion {long}
 m - a +2 rapier of venom (weapon) {short}
   (You found it on level 15 of the Dungeon)
 o - a +2 scimitar of flaming {long}
   (You took it off an efreet on level 15 of the Dungeon)
 r - a +2 short sword of venom {short}
   (You took it off a kobold on level 3 of the Dungeon)
Missiles
 i - 325 stones (quivered) {throwing}
 l - 9 boomerangs {throwing}
 I - a throwing net {=f!fthrowing}
 P - 3 poisoned darts {throwing}
 T - 5 atropa-tipped darts {throwing}
Armour
 b - the +4 robe of Folly {Brilliance Will-∞ Int+8}
   (You found it on level 14 of the Dungeon)

   It increases the power of your magical spells.
   It halves the magic cost of your spells (rounding up).
   It reduces your willpower to zero.
   Int:       It affects your intelligence (+8).
 h - the +1 ring mail of Xom's Whim (worn) {+Blink rElec Dex+4}
   (You found it on level 2 of the Dungeon)

   Dex:       It affects your dexterity (+4).
   rElec:     It insulates you from electricity.
   +Blink:    It lets you blink.
 n - a +0 kite shield (worn)
   (You found it on level 2 of the Dungeon)
 E - the +0 helmet "Amnu" (worn) {Int+4 Dex+4}
   (You found it on level 6 of the Dungeon)

   Int:       It affects your intelligence (+4).
   Dex:       It affects your dexterity (+4).
 M - a +0 pair of boots (worn)
   (You found it on level 8 of the Dungeon)
 V - a +0 cloak (worn)
   (You found it on level 12 of the Dungeon)
Jewellery
 F - an amulet of the acrobat (around neck)
   (You found it on level 6 of the Dungeon)
 H - a ring of resist corrosion (left hand)
   (You took it off an orc on level 6 of the Dungeon)
 N - a +4 ring of evasion (right hand)
   (You bought it in a shop on level 11 of the Dungeon)
 Z - a +6 ring of intelligence
   (You found it on level 14 of the Dungeon)
Wands
 J - a wand of charming (8)
   (You found it on level 8 of the Dungeon)
 L - a wand of iceblast (11)
   (You found it on level 8 of the Dungeon)
 Q - a wand of mindburst (10)
   (You found it on level 10 of the Dungeon)
 W - a wand of digging (4)
   (You found it on level 13 of the Dungeon)
Scrolls
 c - 2 scrolls of fog
 e - 5 scrolls of teleportation {@r4}
 f - 2 scrolls of fear
 g - 4 scrolls of enchant weapon
 j - 6 scrolls of vulnerability {!r!r}
 k - 3 scrolls of magic mapping {!r}
 s - 2 scrolls of silence {!r}
 v - 3 scrolls of holy word {!r}
 y - 5 scrolls of amnesia
 D - 3 scrolls of blinking {unknown}
 G - 3 scrolls of enchant armour {unknown}
 Y - a scroll of brand weapon {unknown}
Potions
 d - 3 potions of curing {@q1}
 p - a potion of cancellation
 q - 4 potions of degeneration {!q@e2}
 t - 4 potions of heal wounds {@q2}
 w - 2 potions of might
 x - 3 potions of magic
 z - 3 potions of lignification {!q}
 A - 6 potions of mutation {!q}
 B - 5 potions of flight
 C - 2 potions of attraction {!q}
 K - a potion of brilliance
 R - a potion of resistance
 S - a potion of berserk rage {!q}
 U - 2 potions of ambrosia {unknown}
 X - a potion of invisibility {unknown}

Dungeon Overview and Level Annotations

Branches:
Dungeon (15/15)            Temple (0/1) D:6            Lair (0/6) D:8
    Orc (0/2) D:10         Vaults (0/5) D:14
 Depths: D:15

Altars:
Ashenzari
Cheibriados
Fedhas
Gozag
Hepliaklqana
Makhleb
Nemelex Xobeh
Qazlal
Sif Muna
Vehumet
Xom
The Shining One

Shops:
D:3 (   D:9 :   D:11 [[=   D:13 !

Annotations:
D:7 2 runed translucent doors

....# #.####.###....##
#..# #..# #..##..#### ..
. #...###..# #...#..###.
.. (.#.....#..#
##.....##.. ..
..((.#.....####......#..
...
...(.#...)...........#..
....
.....(.....#............
....
......s..####......[[...
... .......@##
#........... .#
......D## ..##........
.# .≈..... ..###.......
.# ....... ## #.......
.## #.#.... ##.).... ..#
. #.... ....... ..#
#.... ##.... ..# #....
#.... ..# ##....


You could see an emperor scorpion (extremely poisoned) and a five-headed hydra.


Message History

You block the five-headed hydra's attack.
The five-headed hydra misses you.
You block the five-headed hydra's attack. x2 😮 HP[-14]
You take 14 damage, and now have 96/160 hp.
Unknown command.
Unknown command.
You puncture the emperor scorpion!
You feel very sick.
The emperor scorpion is struck by your spines.
The emperor scorpion closely misses you.
The emperor scorpion barely misses you. The emperor scorpion claws you.
The five-headed hydra is struck by your spines.
The five-headed hydra misses you.
The five-headed hydra completely misses you.
You block the five-headed hydra's attack.
The five-headed hydra bites you but does no damage.
The five-headed hydra bites you!
* * * LOW HITPOINT WARNING * * *
😨 HP[-20]
You take 20 damage, and now have 76/160 hp.
You puncture the emperor scorpion!
You feel very sick.
The emperor scorpion completely misses you.
The emperor scorpion claws you.
* * * LOW HITPOINT WARNING * * *
The emperor scorpion misses you. 😨 HP[-11]
You take 11 damage, and now have 65/160 hp.
You completely miss the emperor scorpion.
You feel very sick.
The five-headed hydra is struck by your spines.
The five-headed hydra barely misses you.
You block the five-headed hydra's attack.
The five-headed hydra closely misses you.
The five-headed hydra misses you.
You block the five-headed hydra's attack.
You block the emperor scorpion's attack.
The emperor scorpion claws you but does no damage.
The emperor scorpion claws you.
* * * LOW HITPOINT WARNING * * *
😨 HP[-6]
You take 6 damage, and now have 59/160 hp.
You hit the emperor scorpion but do no damage.
The emperor scorpion looks as sick as possible!
You feel very sick.
The five-headed hydra is struck by your spines.
The five-headed hydra completely misses you.
The five-headed hydra closely misses you.
You block the five-headed hydra's attack.
The five-headed hydra barely misses you.
The five-headed hydra closely misses you.
The emperor scorpion stings you!!
* * * LOW HITPOINT WARNING * * *
The emperor scorpion claws you.
* * * LOW HITPOINT WARNING * * *
The emperor scorpion closely misses you. 😱 HP[-26]
You take 26 damage, and now have 33/160 hp.
Unknown command.
Unknown command.
You barely miss the emperor scorpion.
You feel very sick.
You block the emperor scorpion's attack. x2
The emperor scorpion closely misses you.
The five-headed hydra is engulfed in blazing flames.
You block the five-headed hydra's attack.
The five-headed hydra bites you.
* * * LOW HITPOINT WARNING * * *
You block the five-headed hydra's attack.
The five-headed hydra bites you but does no damage.
The five-headed hydra bites you.
* * * LOW HITPOINT WARNING * * *
😱 HP[-11]
You take 11 damage, and now have 22/160 hp.
Unknown command.
Unknown command.
You puncture the emperor scorpion!
The emperor scorpion looks as sick as possible!
You feel sick.
The emperor scorpion stings you but does no damage.
The emperor scorpion barely misses you. The emperor scorpion claws you.
* * * LOW HITPOINT WARNING * * *
The five-headed hydra is engulfed in blazing flames.
The five-headed hydra is struck by your spines.
The five-headed hydra bites you.
* * * LOW HITPOINT WARNING * * *
The five-headed hydra barely misses you.
The five-headed hydra bites you but does no damage.
You block the five-headed hydra's attack.
The five-headed hydra bites you.
* * * LOW HITPOINT WARNING * * *
😱 HP[-9]
You take 9 damage, and now have 13/160 hp.
Unknown command.
You hit the emperor scorpion but do no damage.
You feel very sick.
The emperor scorpion is struck by your spines.
The emperor scorpion stings you!!
You die...

Skill      XL: |  1  2  3  4  5  6  7  8  9 10 11 12 13 |
---------------+----------------------------------------+-----
Dodging        | 2 3 4 5 6 8 |  8.0
Throwing       | 1 2 3 4 5 7 8 |  8.0
Shields        | 1 2 3 5 7 9 11 13 14 | 14.1
Fighting       | 7 10 11 | 11.6
Long Blades    | |  2.6
Armour         | |  1.7

Action                   |  1- 3 |  4- 6 |  7- 9 | 10-12 | 13-15 || total
-------------------------+-------+-------+-------+-------+-------++-------
Melee: Falchion          |    85 |    37 |       |       |       ||   122
       Punch             |     2 |       |       |       |       ||     2
       Short sword       |       |    57 |   179 |   400 |       ||   636
       Rapier            |       |       |       |    10 |    29 ||    39
Throw: Stone             |    33 |    97 |    83 |   320 |    19 ||   552
Invok: Berserk           |     2 |     4 |     6 |    16 |     2 ||    30
       Trog's Hand       |       |       |     1 |       |       ||     1
       Brothers in Arms  |       |       |       |     1 |       ||     1
  Use: Scroll            |       |       |    14 |     9 |       ||    23
       Potion            |       |       |     3 |     1 |       ||     4
 Stab: Distracted        |       |       |     1 |       |       ||     1
Armor: Animal skin       |     5 |       |       |       |       ||     5
       Ring mail         |    15 |    24 |    47 |    87 |    11 ||   184
Dodge: Dodged            |    46 |    23 |   102 |   310 |    35 ||   516
Block: Kite shield       |     3 |    15 |    52 |   377 |    32 ||   479
       Buckler           |       |    10 |    17 |       |       ||    27

Levels and vault maps discovered:
D:1:      lemuel_arrival_lava_pool, layout_basic, corexii_corridor_pit,
          minmay_misc_feat_hallway
D:2:      layout_loops_ring, ebering_ecumenical_altar_webs
D:3:      layout_rooms, worldfamousw_hep_ancestral_shrine,
          kennysheep_slug_shrine, serial_shops,
          nicolae_shop_bloodbath_and_beyond
D:4:      layout_basic, mainiacjoe_overflow_paths, mainiacjoe_overflow_big_doors
D:5:      layout_basic, mainiacjoe_overflow_tiny_flanked
D:6:      layout_cave_pools, nemelex_diamond_rough_becter, ashenzari_altar_1,
          general_overflow_altar, minmay_temple_entry_large_hall, uniq_menkaure
D:7:      minmay_the_grid_four_pointed_star
          [minmay_the_grid_triangle_9x9_tough_junction,
          minmay_the_grid_triangle_9x9_minimal,
          minmay_the_grid_triangle_9x9_shrine,
          minmay_the_grid_triangle_9x9_semitri,
          minmay_the_grid_prize_inner_circle], layout_loops_ring,
          vehumet_crystals, nicolae_gozag_seed_capital
D:8:      layout_cave_pods, minmay_lair_entry_grove, uniq_psyche
D:9:      layout_roguey, nicolae_shop_self_help, uniq_prince_ribbit1
D:10:     layout_roguey, nicolae_sif_muna_condensation, orc_0_dummy
D:11:     layout_cave_pools, serial_shops, shop, nicolae_diamond_shop,
          nicolae_shop_waterfront, shop_fountains, portal_ice_cave_rime,
          uniq_grum
D:12:     layout_loops_ring
D:13:     layout_basic, serial_shops, shop_fountains, gauntlet_entry_generic,
          ebering_ghost_xom
D:14:     nrook_guardian_serpent_snake_passage, layout_irregular_city,
          lightli_vaults_fourway_checkpoint, fedhas_altar_2, uniq_agnes,
          uniq_roxanne, uniq_nessos
D:15:     hangedman_depths_entry_try_elsewhere_first, layout_layer_cave,
          lemuel_flamethrower_2

Notes
Turn   | Place    | Note
-------+----------+-------------------------------------------
     0 | D:1      | spaghetti the Demonspawn Berserker began the quest for the
                  | Orb.
     0 | D:1      | Reached XP level 1. HP: 18/18 MP: 1/1
     0 | D:1      | magus.rc [v1.9.6]
   114 | D:1      | Reached skill level 2 in Dodging
   312 | D:1      | Gained mutation: Your demonic aura sometimes causes spilled
                  | blood to erupt in flames. [demonic ancestry]
   312 | D:1      | Reached XP level 2. HP: 15/24 MP: 2/2
   317 | D:1      | HP: 5/24 [dart slug/slug dart (4)]
   749 | D:1      | Reached skill level 3 in Dodging
  1282 | D:2      | Gained mutation: You are partially covered in sharp spines.
                  | [demonic ancestry]
  1282 | D:2      | Reached XP level 3. HP: 23/29 MP: 3/3
  1283 | D:2      | Identified the +1 ring mail of Xom's Whim {+Blink rElec
                  | Dex+4}
  2102 | D:2      | Found a faded altar of an unknown god.
  2421 | D:2      | Gained mutation: You are partially covered in thin metallic
                  | scales. (AC +2) [demonic ancestry]
  2421 | D:2      | Reached XP level 4. HP: 35/35 MP: 4/4
  2455 | D:2      | Reached skill level 1 in Throwing
  2552 | D:3      | Noticed a necrophage
  2563 | D:3      | Killed a necrophage
  2563 | D:3      | Reached ** piety under Trog
  2564 | D:3      | Reached skill level 4 in Dodging
  2564 | D:3      | Reached skill level 1 in Shields
  2642 | D:3      | Reached XP level 5. HP: 41/41 MP: 5/5
  2666 | D:3      | You add the spells Sting, Poisonous Vapours and Olgreb's
                  | Toxic Radiance to your library.
  2675 | D:3      | Found Povuraov's Weapon Shoppe.
  2779 | D:3      | Found a snail-covered altar of Cheibriados.
  3005 | D:3      | Found a hazy altar of Hepliaklqana.
  3032 | D:3      | Reached skill level 2 in Throwing
  3498 | D:4      | Reached skill level 2 in Shields
  3503 | D:4      | Gained mutation: Your demonic aura often causes spilled
                  | blood to erupt in flames. [demonic ancestry]
  3503 | D:4      | Reached XP level 6. HP: 32/47 MP: 6/6
  3791 | D:4      | Found a burning altar of Makhleb.
  3926 | D:4      | Noticed a sky beast
  3940 | D:4      | Killed a sky beast
  3941 | D:4      | Reached skill level 5 in Dodging
  4354 | D:4      | Found a blossoming altar of Fedhas.
  4560 | D:5      | Entered Level 5 of the Dungeon
  4732 | D:5      | Reached skill level 3 in Throwing
  4732 | D:5      | Gained mutation: Your touch may inflict minor irresistible
                  | damage on your foes. [demonic ancestry]
  4732 | D:5      | Reached XP level 7. HP: 52/52 MP: 7/7
  4967 | D:5      | Reached skill level 3 in Shields
  5112 | D:5      | HP: 19/78 [poisoned by a water moccasin]
  5115 | D:5      | HP: 9/52 [poisoned by a water moccasin]
  5119 | D:5      | HP: 3/52 [poisoned by a water moccasin]
  5398 | D:5      | Found a stormy altar of Qazlal.
  5471 | D:5      | Reached skill level 6 in Dodging
  5680 | D:5      | You pick up a book of Touch {forbidden} and begin
                  | reading...
  5680 | D:5      | You add the spells Static Discharge, Sticky Flame and
                  | Dispel Undead to your library.
  5836 | D:6      | Noticed Menkaure
  5842 | D:6      | Killed Menkaure
  5843 | D:6      | Reached skill level 4 in Throwing
  5843 | D:6      | Gained mutation: You are mostly covered in thin metallic
                  | scales. (AC +3) [demonic ancestry]
  5843 | D:6      | Reached XP level 8. HP: 58/58 MP: 8/8
  5931 | D:6      | Reached skill level 4 in Shields
  5947 | D:6      | Identified the +0 helmet "Amnu" {Int+4 Dex+4}
  6018 | D:6      | Reached skill level 7 in Dodging
  6018 | D:6      | Reached *** piety under Trog
  6103 | D:6      | Found a staircase to the Ecumenical Temple.
  6169 | D:6      | Found a broken altar of Ashenzari.
  6226 | D:6      | Reached skill level 5 in Throwing
  6441 | D:6      | Found a sparkling altar of Nemelex Xobeh.
  6634 | D:6      | Found a shimmering altar of Xom.
  6646 | D:7      | Found an opulent altar of Gozag.
  6755 | D:7      | Reached skill level 8 in Dodging
  6755 | D:7      | Reached skill level 5 in Shields
  6755 | D:7      | Gained mutation: Your touch may inflict irresistible damage
                  | on your foes. [demonic ancestry]
  6755 | D:7      | Reached XP level 9. HP: 63/63 MP: 9/9
  6755 | D:7      | Found a radiant altar of Vehumet.
  7273 | D:7      | Reached skill level 6 in Throwing
  7327 | D:7      | Found a runed translucent door.
  7327 | D:7      | Found a runed translucent door.
  7413 | D:7      | Noticed a two-headed ogre
  7421 | D:7      | Killed a two-headed ogre
  7421 | D:7      | Noticed a purple ugly thing
  7422 | D:7      | Reached skill level 6 in Shields
  7425 | D:7      | Killed a purple ugly thing
  7426 | D:7      | Reached skill level 7 in Throwing
  7426 | D:7      | Reached skill level 7 in Shields
  8031 | D:7      | Reached XP level 10. HP: 70/70 MP: 10/10
  8323 | D:8      | Found a staircase to the Lair.
  8338 | D:8      | Reached skill level 8 in Throwing
  8340 | D:8      | Reached skill level 8 in Shields
  8347 | D:8      | Reached skill level 4 in Fighting
  8354 | D:8      | HP: 18/73 [yak (4)]
  8358 | D:8      | HP: 5/73 [yak (4)]
  8362 | D:8      | Reached skill level 5 in Fighting
  9350 | D:8      | Noticed Psyche
  9354 | D:8      | Killed Psyche
  9496 | D:9      | Reached **** piety under Trog
  9497 | D:9      | Reached skill level 6 in Fighting
  9659 | D:9      | Noticed Prince Ribbit
  9666 | D:9      | Killed Prince Ribbit
  9776 | D:9      | Noticed a two-headed ogre
  9788 | D:9      | Killed a two-headed ogre
  9789 | D:9      | Reached skill level 9 in Shields
  9868 | D:9      | Reached skill level 7 in Fighting
 10081 | D:9      | Found Nuqo Piu's Self-Improvement Boutique.
 10118 | D:9      | Reached XP level 11. HP: 84/84 MP: 11/11
 10136 | D:9      | Noticed a two-headed ogre
 10141 | D:9      | Killed a two-headed ogre
 10260 | D:9      | Paralysed by a hornet for 2 turns
 10575 | D:10     | Entered Level 10 of the Dungeon
 10596 | D:10     | Found a staircase to the Orcish Mines.
 11039 | D:10     | Found a shimmering blue altar of Sif Muna.
 11096 | D:10     | You pick up a book of Geomancy {forbidden} and begin
                  | reading...
 11096 | D:10     | You add the spells Sandblast, Passwall and Stone Arrow to
                  | your library.
 11101 | D:10     | You pick up a book of Flames {forbidden} and begin
                  | reading...
 11101 | D:10     | You add the spells Foxfire, Conjure Flame, Inner Flame and
                  | Flame Wave to your library.
 11459 | D:10     | Reached skill level 8 in Fighting
 11571 | D:11     | You pick up a book of Maledictions {forbidden} and begin
                  | reading...
 11571 | D:11     | You add the spells Tukima's Dance, Anguish and Enfeeble to
                  | your library.
 11615 | D:11     | Noticed a two-headed ogre
 11623 | D:11     | Killed a two-headed ogre
 11653 | D:11     | Reached skill level 10 in Shields
 11692 | D:11     | Found Sotsoarch's Jewellery Boutique.
 11865 | D:11     | Bought a +4 ring of evasion for 468 gold pieces
 11972 | D:11     | Noticed Grum
 11974 | D:11     | Found Ozu Kamu's Assorted Antiques.
 12258 | D:11     | Found Oskaxofa's Antique Armour Shop.
 12299 | D:11     | Reached skill level 9 in Fighting
 12452 | D:11     | Killed Grum
 12485 | D:11     | You pick up a book of Necromancy {forbidden} and begin
                  | reading...
 12485 | D:11     | You add the spells Pain, Animate Skeleton and Vampiric
                  | Draining to your library.
 12682 | D:11     | Found Joph's Antique Armour Emporium.
 12769 | D:11     | You pick up a book of Flames {forbidden} and begin
                  | reading...
 12939 | D:12     | Noticed a two-headed ogre
 12949 | D:12     | Killed a two-headed ogre
 13134 | D:12     | Noticed a two-headed ogre
 13134 | D:12     | Noticed a two-headed ogre
 13134 | D:12     | Noticed an ogre mage
 13141 | D:11     | Killed a two-headed ogre
 13173 | D:11     | Killed a two-headed ogre
 13174 | D:11     | Reached skill level 11 in Shields
 13292 | D:12     | Noticed a two-headed ogre
 13296 | D:12     | Noticed a cyan ugly thing
 13299 | D:12     | Killed a two-headed ogre
 13300 | D:12     | Reached skill level 10 in Fighting
 13307 | D:12     | Killed a cyan ugly thing
 13308 | D:12     | Reached XP level 12. HP: 97/97 MP: 12/12
 13319 | D:11     | Killed an ogre mage
 13663 | D:12     | You pick up a book of Sloth {forbidden} and begin
                  | reading...
 13663 | D:12     | You add the spells Petrify, Metabolic Englaciation and
                  | Statue Form to your library.
 13799 | D:12     | Reached skill level 12 in Shields
 14092 | D:12     | Noticed a two-headed ogre
 14104 | D:12     | Killed a two-headed ogre
 14317 | D:12     | Noticed a tengu warrior
 14329 | D:12     | Killed a tengu warrior
 14641 | D:13     | Noticed a purple very ugly thing
 14658 | D:13     | Killed a purple very ugly thing
 15072 | D:13     | Reached skill level 13 in Shields
 15220 | D:13     | Noticed a two-headed ogre
 15230 | D:13     | Killed a two-headed ogre
 15378 | D:13     | Found Zeagun's Distillery.
 15390 | D:13     | Noticed a four-headed hydra
 15425 | D:14     | Noticed Nessos
 15437 | D:14     | Killed Nessos
 15685 | D:14     | Noticed a two-headed ogre
 15692 | D:14     | Killed a two-headed ogre
 16065 | D:14     | Found the +4 robe of Folly {Brilliance Will-∞ Int+8}
 16099 | D:14     | Found a gate to the Vaults.
 16099 | D:14     | Noticed a two-headed ogre
 16099 | D:14     | Noticed a boulder beetle
 16099 | D:14     | Noticed a vault guard
 16099 | D:14     | Noticed a vault guard
 16099 | D:14     | Noticed a vault guard
 16099 | D:14     | Noticed a vault guard
 16099 | D:14     | Noticed an eight-headed hydra
 16099 | D:14     | Noticed a boulder beetle
 16122 | D:15     | Entered Level 15 of the Dungeon
 16139 | D:15     | Noticed a centaur warrior
 16155 | D:15     | Noticed a tengu warrior
 16164 | D:15     | Killed a tengu warrior
 16170 | D:15     | HP: 35/148 [centaur warrior (4)]
 16174 | D:15     | Killed a centaur warrior
 16175 | D:15     | Reached skill level 11 in Fighting
 16563 | D:15     | Noticed a centaur warrior
 16579 | D:15     | Killed a centaur warrior
 17363 | D:15     | Noticed a centaur warrior
 17631 | D:15     | Gained mutation: You are mostly covered in sharp spines.
                  | [demonic ancestry]
 17631 | D:15     | Reached XP level 13. HP: 106/106 MP: 13/13
 17650 | D:15     | Reached skill level 14 in Shields
 17900 | D:15     | Noticed an emperor scorpion
 17917 | D:15     | HP: 35/160 [emperor scorpion (21)]
 17919 | D:15     | HP: 15/160 [five-headed hydra (4)]
 17920 | D:15     | Mangled by an emperor scorpion

Vanquished Creatures
  A very ugly thing (D:13)
  An ogre mage (D:11)
  3 centaur warriors (D:15)
  11 two-headed ogres
  2 tengu warriors
  A harpy (shapeshifter) (D:15)
  4 manticores
  7 ugly things
  2 cyclopes
  A guardian serpent (D:14)
  An eye of devastation (shapeshifter) (D:15)
  2 unseen horrors
  2 kobold demonologists
  2 rime drakes (D:11)
  A troll (D:10)
  An efreet (D:15)
  A hornet (D:9)
  Prince Ribbit (D:9)
  A slime creature (D:7)
  3 basilisks (D:8)
  3 wyverns
  3 wraiths
  4 yaks (D:8)
  2 vampires
  2 steam dragons
  Grum (D:11)
  6 vampire mosquitoes
  Menkaure (D:6)
  An acid dragon (D:11)
  7 water moccasins
  An orc warrior (D:9)
  2 sky beasts
  4 ogres
  2 wolves
  13 centaurs
  2 phantoms
  2 bullfrogs
  2 necrophages
  4 scorpions
  A wight (D:7)
  15 killer bees
  12 howler monkeys
  2 jellies
  6 hounds
  A gnoll shaman (D:7)
  6 orc priests
  An iguana (D:5)
  14 orc wizards
  4 gnolls (D:7)
  9 adders
  2 shadow imps
  A white imp (D:7)
  2 ufetubi
  4 worms
  8 dart slugs
  25 orcs
  3 bats
  10 endoplasms
  8 giant cockroaches
  6 goblins
  4 hobgoblins
  A quokka (D:1)
  6 ball pythons
  2 frilled lizards
  5 kobolds
  7 rats
275 creatures vanquished.

Vanquished Creatures (collateral kills)
  Nessos (D:14)
1 creature vanquished.

Vanquished Creatures (others)
  Psyche (D:8)
  2 fungi (D:8)
  7 plants (D:8)
10 creatures vanquished.

Grand Total: 286 creatures vanquished

Table legend:
 A = Non-vault XP
 B = Vault XP
 C = Vault XP percentage of total XP
 D = Non-vault monster count
 E = Vault monster count
 F = Vault count percentage of total count
                 A         B        C        D         E       F
            +---------+---------+-------+---------+---------+-------
      Total |   34011 |    7343 |  17.8 |     246 |      31 |  11.2
            +---------+---------+-------+---------+---------+-------
        D:1 |      33 |       0 |   0.0 |      17 |       0 |   0.0
        D:2 |      74 |       0 |   0.0 |      20 |       0 |   0.0
        D:3 |     197 |       4 |   2.0 |      17 |       1 |   5.6
        D:4 |     310 |       0 |   0.0 |      27 |       0 |   0.0
        D:5 |     707 |       0 |   0.0 |      17 |       0 |   0.0
        D:6 |    1190 |     165 |  12.2 |      19 |       1 |   5.0
        D:7 |     946 |    2180 |  69.7 |      18 |       9 |  33.3
        D:8 |     842 |    2060 |  71.0 |      18 |      12 |  40.0
        D:9 |    3542 |     268 |   7.0 |      27 |       1 |   3.6
       D:10 |    1275 |     115 |   8.3 |       9 |       1 |  10.0
       D:11 |    5797 |    1072 |  15.6 |      19 |       4 |  17.4
       D:12 |    5661 |       0 |   0.0 |      12 |       0 |   0.0
       D:13 |    3803 |       0 |   0.0 |       8 |       0 |   0.0
       D:14 |    1362 |    1479 |  52.1 |       2 |       2 |  50.0
       D:15 |    8272 |       0 |   0.0 |      16 |       0 |   0.0
            +---------+---------+-------+---------+---------+-------

Illustrated notes

Table legend:
 A = Kills in this place as a percentage of kills in entire the game.
 B = Kills by you in this place as a percentage of kills by you in the entire game.
 C = Kills by friends in this place as a percentage of kills by friends in the entire game.
 D = Other kills in this place as a percentage of other kills in the entire game.
 E = Experience gained in this place as a percentage of experience gained in the entire game.
 F = Experience gained in this place divided by the number of levels of this place that you have seen.
                   A       B       C       D       E      F
               +-------+-------+-------+-------+-------+----------------------
         Total | 100.0 | 100.0 | 100.0 | 100.0 | 100.0 | 2756.9
       Dungeon | 100.0 | 100.0 | 100.0 | 100.0 | 100.0 | 2756.9
               +-------+-------+-------+-------+-------+----------------------

Table legend: (Time is in decaauts)
 A = Elapsed time spent in this place.
 B = Non-inter-level travel time spent in this place.
 C = Inter-level travel time spent in this place.
 D = Time resting spent in this place.
 E = Time spent auto-exploring this place.
 F = Levels seen in this place.
 G = Mean time per level.
                   A        B        C        D        E       F      G
               +--------+--------+--------+--------+--------+-----+--------+
         Total |  18254 |  17680 |    574 |   6134 |   9272 |  15 | 1216.9 |
       Dungeon |  18254 |  17680 |    574 |   6134 |   9272 |  15 | 1216.9 |
               +--------+--------+--------+--------+--------+-----+--------+

Top non-repeatable levels by time:
    D:15: 1826 daAuts
     D:7: 1715 daAuts
    D:11: 1621 daAuts
     D:5: 1339 daAuts
     D:2: 1298 daAuts
     D:1: 1285 daAuts
    D:12: 1263 daAuts
     D:9: 1228 daAuts
     D:4: 1158 daAuts
    D:10: 1142 daAuts
     D:8: 995 daAuts
     D:6: 930 daAuts
     D:3: 926 daAuts
    D:13: 784 daAuts
    D:14: 739 daAuts
